 Dungeon Crawl Stone Soup version 0.30-a0-900-g23479c02f2 (webtiles) character file.

Game seed: 11661808101466176735

901 buddhastalin the Trooper (level 7, -3/57 HPs)
             Began as a Demonspawn Gladiator on Mar 18, 2023.
             Was an Initiate of Okawaru.
             Killed by divine providence
             ... invoked by an orc priest
              (13 damage)
             ... on level 6 of the Dungeon.
             The game lasted 00:12:28 (5213 turns).

buddhastalin the Trooper (Demonspawn Gladiator)     Turns: 5213, Time: 00:12:28

Health: -3/57      AC:  6    Str: 15    XL:     7   Next: 80%
Magic:  7/7        EV: 13    Int: 11    God:    Okawaru [......]
Gold:   332        SH:  0    Dex: 14    Spells: 6/6 levels left

rFire   . . .      SeeInvis .    a - +0 trident
rCold   . . .      Faith    .    (no shield)
rNeg    . . .      Spirit   .    b - +0 leather armour
rPois   .          Reflect  .    c - +0 helmet
rElec   .          Rampage  .    t - +0 cloak
rCorr   .                        (no gloves)
Will    .....                    H - +0 pair of boots
Stlth   +                        (no amulet)
HPRegen 0.29/turn                (no ring)
MPRegen 0.10/turn                (no ring)

@: no status effects
A: powered by death 1, weakness stinger 1
a: Renounce Religion


You were on level 6 of the Dungeon.
You worshipped Okawaru.
Okawaru was noncommittal.
You visited 2 branches of the dungeon, and saw 7 of its levels.

You collected 332 gold pieces.

Inventory:

Hand Weapons
 a - a +0 trident (weapon)
Missiles
 d - 3 throwing nets
 e - 8 javelins (quivered)
 f - 4 poisoned darts
Armour
 b - a +0 leather armour (worn)
 c - a +0 helmet (worn)
 t - a +0 cloak (worn)
 H - a +0 pair of boots (worn)
Jewellery
 j - a ring of protection from cold
 p - a +4 ring of protection
 I - an amulet of regeneration
Wands
 h - a wand of roots (8)
 s - a wand of digging (9)
 v - a wand of mindburst (21)
 x - a wand of flame (19)
Scrolls
 i - 5 scrolls of identify
 k - a scroll of magic mapping {unknown}
 m - a scroll of fog {unknown}
 o - a scroll of amnesia {unknown}
 q - 2 scrolls of noise {unknown}
 r - 2 scrolls of vulnerability {unknown}
 u - a scroll of enchant weapon {unknown}
 w - a scroll of poison {unknown}
 y - a scroll of brand weapon {unknown}
 C - a scroll of teleportation {unknown}
 D - 2 scrolls of fear {unknown}
 F - a scroll of immolation {unknown}
 G - a scroll of torment {unknown}
Potions
 g - 3 potions of flight
 l - a potion of heal wounds
 n - 3 potions of lignification
 z - 4 potions of curing
 A - a potion of brilliance
 B - a potion of ambrosia
 E - a potion of magic {unknown}


   Skills:
 * Level 5.9 Fighting
 * Level 5.8 Polearms
 - Level 1.7 Throwing
 + Level 4.5 Dodging


You had 6 spell levels left.
You didn't know any spells.
Your spell library contained the following spells:

 Spells                   Type           Power      Damage    Failure   Level
 Blink                    Tloc           0%         N/A       54%         2
 Sublimation of Blood     Necr           0%         N/A       54%         2
 Manifold Assault         Tloc           0%         N/A       99%         4
 Petrify                  Tmut/Erth      0%         N/A       99%         4
 Irradiate                Conj/Tmut      0%         3d11      100%        5
 Storm Form               Tmut/Air       0%         N/A       100%        7


Dungeon Overview and Level Annotations

Branches:
Dungeon (6/15)             Temple (1/1) D:6

Altars:
Ashenzari
Cheibriados
Dithmenos
Fedhas
Gozag
Hepliaklqana
Kikubaaqudgha
Nemelex Xobeh
Okawaru
Qazlal
Sif Muna
Trog
Vehumet
Wu Jian
Xom
Yredelemnul


Innate Abilities, Weirdness & Mutations

You regenerate a little health from kills.
You have a small tail.


Message History

Reach: a) +0 trident
Press: ? - help, Dir - move target, f/p - orc priest
Aim: an orc priest, wielding a +0 flail (severely wounded, about 38% to evade your +0 trident)
The orc wizard is in the way.
You miss the orc wizard.
You tail-slap the orc wizard, but do no damage.
The orc wizard is severely wounded.
The orc wizard points at you and mumbles some strange words.
You are confused.
You're too confused to aim your attacks!
Unknown command.
You're too confused to aim your attacks!
You're too confused to move!
The orc wizard points at you and mumbles some strange words.
You resist with some effort.
You bump into the rock wall.
The orc wizard barely misses you.
You barely miss the orc wizard.
The orc wizard is heavily wounded.
The orc wizard hits you with a +0 dagger.
You bump into the rock wall.
The orc wizard hits you but does no damage.
The orc wizard points at you and mumbles some strange words.
You resist with some effort.
The orc priest begins to cast a cantrip, but forgets the words!
You bump into the rock wall.
The orc wizard points at you and mumbles some strange words.
The magic dart hits you.
You feel less confused. The orc wizard barely misses you.
The orc priest mumbles some strange prayers to Beogh against you.
Beogh smites you!
* * * LOW HITPOINT WARNING * * *
Reach: a) +0 trident
Press: ? - help, Dir - move target, f/p - orc priest
Aim: an orc priest, wielding a +0 flail (severely wounded, about 38% to evade your +0 trident)
You reach to attack!
You closely miss the orc priest.
The orc priest is severely wounded.
The orc wizard misses you.
The orc priest invokes the aid of Beogh against you.
Beogh smites you!
You die...

###
###############.#
#...............#
#.#############@#
#.# #o# #.# #o#
#.# #.# #.# #.#
##.#############.#
.#.............#.#
.#############.#.#
.#...#.........#.#


You could see an orc priest and an orc wizard.

Vanquished Creatures
  Eustachio (D:6)
  An ice beast (D:6)
  A black bear (D:5)
  An ogre (D:6)
  2 howler monkeys (D:5)
  A hound (D:6)
  A jelly (D:6)
  2 iguanas
  3 sleepcaps
  2 orc wizards (D:3)
  7 adders
  3 worms
  4 dart slugs
  13 orcs
  3 ball pythons
  6 endoplasms
  A giant cockroach (D:2)
  8 goblins
  9 hobgoblins
  11 jackals
  A kobold (D:2)
  A quokka (D:3)
  6 bats
  4 frilled lizards
  12 rats
104 creatures vanquished.

Notes
Turn   | Place    | Note
-------+----------+-------------------------------------------
     0 | D:1      | buddhastalin the Demonspawn Gladiator began the quest for
                  | the Orb.
     0 | D:1      | Reached XP level 1. HP: 16/16 MP: 1/1
     3 | D:1      | Noticed an electric eel
     4 | D:1      | Noticed an electric eel
   137 | D:1      | Gained mutation: You have a small tail. [demonic ancestry]
   137 | D:1      | Reached XP level 2. HP: 22/22 MP: 2/2
   401 | D:1      | Reached XP level 3. HP: 28/28 MP: 3/3
   796 | D:2      | Reached XP level 4. HP: 35/35 MP: 4/4
   861 | D:2      | Found a faded altar of an unknown god.
  1088 | D:2      | Found a shimmering altar of Xom.
  1666 | D:3      | Gained mutation: You regenerate a little health from kills.
                  | [demonic ancestry]
  1666 | D:3      | Reached XP level 5. HP: 23/41 MP: 5/5
  1878 | D:3      | Found an ancient bone altar of Kikubaaqudgha.
  2448 | D:4      | Found an ornate altar of the Wu Jian Council.
  3136 | D:5      | Entered Level 5 of the Dungeon
  3165 | D:5      | Reached XP level 6. HP: 48/48 MP: 6/6
  3350 | D:5      | Found a broken altar of Ashenzari.
  3851 | D:6      | Reached skill level 5 in Fighting
  3851 | D:6      | Reached skill level 5 in Polearms
  3855 | D:6      | Reached XP level 7. HP: 22/56 MP: 7/7
  3993 | D:6      | Found a staircase to the Ecumenical Temple.
  4005 | Temple   | Entered the Ecumenical Temple
  4011 | Temple   | Became a worshipper of Warmaster Okawaru
  4315 | D:6      | Noticed Eustachio
  4339 | D:6      | Killed Eustachio
  4746 | D:6      | Found a sparkling altar of Nemelex Xobeh.
  5213 | D:6      | Killed from afar by an orc priest

Illustrated notes

Levels and vault maps discovered:
D:1:      arrival_aquarium_b, layout_rooms, serial_corexii_hall,
          chequers_hall_statues_wall_a, corexii_hall_statues_i
D:2:      cheibrodos_helix_gallery, layout_loops_cross, basic_altar,
          shapermc_ecumenical_altar_notcrosses
D:3:      layout_loops_ring, mainiacjoe_overflow_concentric_impassable
D:4:      layout_loops_corners, pdpol_wu_jian_five_deadly_venoms
D:5:      layout_basic, nicolae_ashenzari_skybound
D:6:      layout_basic, nemelex_dance_club_becter, minmay_temple_entry_glass,
          uniq_eustachio
Temple:   eino_wide_crystal_templ

Skill      XL: |  1  2  3  4  5  6 |
---------------+-------------------+-----
Polearms       | 3 4 5 |  5.8
Dodging        | 3 4 |  4.5
Fighting       | 3 4 5 |  5.9
Throwing       | |  1.7

Action                     |  1- 3 |  4- 6 |  7- 9 || total
---------------------------+-------+-------+-------++-------
  Melee: Trident           |   121 |   218 |    89 ||   428
         Tailslap          |     7 |    18 |    12 ||    37
         Punch             |       |     1 |       ||     1
  Throw: Javelin           |       |     4 |       ||     4
  Evoke: Wand              |       |       |     1 ||     1
    Use: Potion            |       |     3 |     1 ||     4
         Scroll            |       |     4 |       ||     4
   Stab: Sleeping          |     2 |     3 |       ||     5
 Armour: Leather armour    |    24 |    58 |    19 ||   101
  Dodge: Dodged            |    62 |    77 |    43 ||   182

Table legend: (Time is in decaauts)
 A = Elapsed time spent in this place.
 B = Non-inter-level travel time spent in this place.
 C = Inter-level travel time spent in this place.
 D = Time resting spent in this place.
 E = Time spent auto-exploring this place.
 F = Levels seen in this place.
 G = Mean time per level.
                   A        B        C        D        E       F      G
               +--------+--------+--------+--------+--------+-----+--------+
         Total |   5255 |   5097 |    158 |    958 |   3198 |   7 |  750.7 |
       Dungeon |   5191 |   5045 |    146 |    958 |   3169 |   6 |  865.2 |
        Temple |     63 |     51 |     12 |      0 |     29 |   1 |   63.0 |
               +--------+--------+--------+--------+--------+-----+--------+

Top non-repeatable levels by time:
     D:6: 1326 daAuts
     D:3: 961 daAuts
     D:4: 885 daAuts
     D:2: 714 daAuts
     D:5: 695 daAuts
     D:1: 608 daAuts
  Temple: 63 daAuts
